 Dungeon Crawl Stone Soup version 0.29-a0-283-ga02f740833 (webtiles) character file.

Game seed: 14214510201111568247

786 Dabor the Skirmisher (level 8, -7/62 HPs)
             Began as a Formicid Abyssal Knight on Mar 13, 2022.
             Was a Priest of Lugonu.
             Killed from afar by a steam dragon (23 damage)
             ... with a ball of steam
             ... on level 6 of the Dungeon.
             The game lasted 00:07:59 (3985 turns).

Dabor the Skirmisher (Formicid Abyssal Knight)      Turns: 3985, Time: 00:08:00

Health: -7/62      AC:  5    Str: 18 (21) XL:     8   Next: 11%
Magic:  10/11      EV: 12    Int:  7 (9)  God:    Lugonu [***...]
Gold:   270        SH:  0    Dex: 11      Spells: 7/7 levels left

rFire   . . .      SeeInvis +   a - +2 spear
rCold   . . .      Faith    .   (no shield)
rNeg    . . .      Spirit   .   l - +1 leather armour of Mick {Regen+}
rPois   +          Reflect  .   (helmet unavailable)
rElec   .          Harm     .   (no cloak)
rCorr   .          Rampage  .   (no gloves)
Will    +....                   c - +0 pair of boots
Stlth   +.........              (no amulet)
HPRegen 1.00/turn               d - ring of willpower
MPRegen 0.12/turn               e - ring of poison resistance

@: no status effects
A: permanent stasis, dig shafts and tunnels, antennae 3, four strong arms
a: Dig, Shaft Self, Renounce Religion, Depart the Abyss, Bend Space, Banish


You were on level 6 of the Dungeon.
You worshipped Lugonu.
Lugonu was most pleased with you.
You visited 1 branch of the dungeon, and saw 6 of its levels.
You visited the Abyss 1 time.

You collected 270 gold pieces.

Inventory:

Hand Weapons
 a - a +2 spear (weapon)
Missiles
 g - 4 boomerangs (quivered)
 t - 6 poisoned darts
Armour
 b - a +1 leather armour
 c - a +0 pair of boots (worn)
 l - the +1 leather armour of Mick (worn) {Regen+}
   (You took it off a kobold on level 2 of the Dungeon)

   Regen:     It increases your rate of health regeneration.
Jewellery
 d - a ring of willpower (left hand)
 e - a ring of poison resistance (right hand)
 f - a ring of positive energy
 q - a ring of willpower
Wands
 u - a wand of mindburst (8)
Scrolls
 j - 2 scrolls of enchant armour
 p - a scroll of identify
 r - a scroll of silence
 s - 2 scrolls of immolation
Potions
 h - 2 potions of lignification
 i - a potion of haste


   Skills:
 + Level 5.2 Fighting
 + Level 4.1 Polearms
 + Level 4.6 Armour
 + Level 3.4 Dodging
 + Level 5.0 Invocations


You had 7 spell levels left.
You didn't know any spells.
Your spell library contained the following spells:

 Spells                   Type           Power      Damage    Failure   Level
 Ensorcelled Hibernation  Hex/Ice        0%         N/A       63%         2
 Passwall                 Tmut/Erth      0%         N/A       63%         2
 Sublimation of Blood     Necr           0%         N/A       63%         2
 Wereblood                Tmut           0%         N/A       63%         2
 Summon Hydra             Summ           0%         N/A       100%        7
 Swiftness                Air            Unusable   N/A       N/A         3

Dungeon Overview and Level Annotations

Branches:
Dungeon (5/15)             Temple (0/1) D:4

Altars:
Dithmenos
Gozag
Trog
Xom


Innate Abilities, Weirdness & Mutations

You cannot be hasted, slowed, berserked, paralysed or teleported.
You can dig through walls and to a lower floor.
You have a pair of large antennae on your head. (SInv)
Your four strong arms can wield two-handed weapons with a shield.


Message History

The steam dragon closely misses you. The steam dragon barely misses you.
You hit the steam dragon but do no damage.
The steam dragon is lightly wounded.
You are engulfed in a cloud of scalding steam.
The steam dragon bites you!
The steam dragon claws you but does no damage.
You are too injured to fight recklessly!
You hit the steam dragon.
The steam dragon is lightly wounded.
The steam dragon bites you!
The steam dragon claws you but does no damage.
The steam dragon barely misses you. x2
You hit the steam dragon.
The steam dragon is moderately wounded.
The steam dragon closely misses you. The steam dragon barely misses you.
You hit the steam dragon.
The steam dragon is moderately wounded.
The steam dragon barely misses you. The steam dragon misses you.
You closely miss the steam dragon.
The steam dragon is moderately wounded.
The steam dragon bites you! The steam dragon misses you.
You hit the steam dragon.
The steam dragon is heavily wounded.
The steam dragon bites you!
* * * LOW HITPOINT WARNING * * *
The steam dragon claws you but does no damage.
Space bends around you!
You blink.
Reach: a) +2 spear
Press: ? - help, Dir - move target, f/p - steam dragon
Aim: a steam dragon (translocational energy, heavily wounded, about 35% to evade your +2 spear)
You reach to attack!
You barely miss the steam dragon.
The steam dragon is heavily wounded.
Reach: a) +2 spear
Press: ? - help, Dir - move target, f/p - steam dragon
Aim: a steam dragon (translocational energy, heavily wounded, about 35% to evade your +2 spear)
You reach to attack!
You closely miss the steam dragon.
The steam dragon is heavily wounded.
The steam dragon breathes steam at you. The ball of steam hits you!!
You die...

......#...?#
......#....#
...........# #....#
{ ##...# { #<...#
#D...# { ##ยง...# {
#@....# #.....#{
##..(.# #....#{ {
##....#######
#.....#
#...........#
#.....#
..............#
##......
...###........#...
#.......
....###.....)......


You could see a steam dragon (catching breath).

Vanquished Creatures
  Sigmund (D:5)
  2 black bears (D:6)
  An ogre (D:5)
  A scorpion (D:6)
  5 hounds
  An orc wizard (D:4)
  3 adders
  A shadow imp (D:4)
  3 dart slugs
  12 orcs
  9 endoplasms
  A giant cockroach (D:3)
  11 goblins
  4 hobgoblins (D:1)
  2 jackals (D:2)
  A quokka (D:1)
  4 ball pythons
  6 bats
  4 frilled lizards
  5 kobolds
  4 rats (D:1)
81 creatures vanquished.

Notes
Turn   | Place    | Note
-------+----------+-------------------------------------------
     0 | Abyss:1  | Dabor the Formicid Abyssal Knight began the quest for the
                  | Orb.
     0 | Abyss:1  | Reached XP level 1. HP: 18/18 MP: 2/2
     2 | Abyss:1  | Found a corrupted altar of Lugonu.
    70 | Abyss:1  | Noticed a thrashing horror
    72 | D:1      | Escaped the Abyss
   215 | D:1      | Reached ** piety under Lugonu
   216 | D:1      | Reached skill level 1 in Dodging
   242 | D:1      | Reached XP level 2. HP: 23/24 MP: 3/3
   537 | D:1      | Reached XP level 3. HP: 26/29 MP: 4/4
  1419 | D:2      | Found a shimmering altar of Xom.
  1439 | D:2      | Identified the +1 leather armour of Mick {Regen+}
  1554 | D:2      | Reached XP level 4. HP: 37/37 MP: 6/6
  1644 | D:2      | Found a faded altar of an unknown god.
  2099 | D:3      | Found an opulent altar of Gozag.
  2472 | D:3      | Found a shadowy altar of Dithmenos.
  2636 | D:3      | Found a bloodstained altar of Trog.
  2843 | D:4      | Found a staircase to the Ecumenical Temple.
  2884 | D:4      | Reached XP level 5. HP: 41/42 MP: 7/7
  2979 | D:4      | Reached *** piety under Lugonu
  3254 | D:5      | Entered Level 5 of the Dungeon
  3264 | D:4      | Reached XP level 6. HP: 48/48 MP: 8/8
  3308 | D:5      | Noticed Sigmund
  3316 | D:5      | Noticed an ogre
  3322 | D:5      | Killed Sigmund
  3323 | D:5      | Reached XP level 7. HP: 47/55 MP: 8/10
  3567 | D:5      | You fall into a shaft and drop 1 floor!
  3616 | D:6      | Reached skill level 5 in Fighting
  3836 | D:6      | Reached skill level 5 in Invocations
  3836 | D:6      | Reached XP level 8. HP: 48/62 MP: 11/11
  3985 | D:6      | Killed from afar by a steam dragon

Illustrated notes

Levels and vault maps discovered:
D:1:      giann_wishing_wells, layout_basic
D:2:      layout_loops_ring, basic_altar, hellmonk_ecumenical_altar_slurped_away
D:3:      layout_basic, lemuel_round_altar, mainiacjoe_overflow_brackets,
          trog_antimagical
D:4:      layout_basic, temple_fountains, chequers_decorated_corner
D:5:      layout_cave_pools, kennysheep_slug_shrine, uniq_sigmund
D:6:      minmay_diamond_boxcup, layout_cave_pools, marbit_many_paths,
          serial_shops, kennysheep_mini_moat

Skill      XL: |  1  2  3  4  5  6  7 |
---------------+----------------------+-----
Dodging        | 1 2 3 |  3.4
Invocations    | 3 4 5 |  5.0
Armour         | 3 4 |  4.6
Fighting       | 4 5 |  5.2
Polearms       | 3 4 |  4.1

Action                   |  1- 3 |  4- 6 |  7- 9 || total
-------------------------+-------+-------+-------++-------
Melee: Spear             |    95 |   164 |    99 ||   358
       Punch             |       |     1 |     2 ||     3
Throw: Dart              |       |       |     6 ||     6
       Boomerang         |       |       |     4 ||     4
Invok: Depart the Abyss  |     1 |       |       ||     1
       Bend Space        |       |       |     8 ||     8
  Use: Scroll            |     4 |     3 |       ||     7
       Potion            |       |     1 |     6 ||     7
Armor: Leather armour    |    28 |    40 |    29 ||    97
       Skin              |       |       |    31 ||    31
Dodge: Dodged            |    50 |    87 |    72 ||   209

Table legend: (Time is in decaauts)
 A = Elapsed time spent in this place.
 B = Non-inter-level travel time spent in this place.
 C = Inter-level travel time spent in this place.
 D = Time resting spent in this place.
 E = Time spent auto-exploring this place.
 F = Levels seen in this place.
 G = Mean time per level.
                   A        B        C        D        E       F      G
               +--------+--------+--------+--------+--------+-----+--------+
         Total |   3970 |   3843 |    127 |    975 |   1979 |   7 |  567.1 |
       Dungeon |   3898 |   3771 |    127 |    975 |   1913 |   6 |  649.7 |
         Abyss |     72 |     72 |      0 |      0 |     66 |   1 |   72.0 |
               +--------+--------+--------+--------+--------+-----+--------+

Top non-repeatable levels by time:
     D:1: 1329 daAuts
     D:2: 693 daAuts
     D:3: 673 daAuts
     D:4: 663 daAuts
     D:6: 409 daAuts
     D:5: 128 daAuts
 Abyss:1: 72 daAuts
